 Dungeon Crawl Stone Soup version 0.28-a0-1447-ga5a8893891 (webtiles) character file.

Game seed: 17919830627770841074

423 Shayle the Magician (level 7, -6/49 HPs)
             Began as a Djinni Air Elementalist on Jan 11, 2022.
             Killed from afar by Ijyb (36 damage)
             ... with a bolt of acid
             ... on level 3 of the Dungeon.
             The game lasted 00:13:25 (4360 turns).

Shayle the Magician (Djinni Air Elementalist)       Turns: 4360, Time: 00:13:25

Health: -6/49      AC:  5    Str:  7    XL:     7   Next: 17%
Gold:   106        EV: 12    Int: 19    God:
                   SH:  0    Dex: 13

rFire   + + .      SeeInvis .   (no weapon)
rCold   x . .      Faith    .   (no shield)
rNeg    . . .      Spirit   .   e - +2 animal skin
rPois   ∞          Reflect  .   i - +0 helmet
rElec   .          Harm     .   (no cloak)
rCorr   .          Rampage  .   (no gloves)
Will    .....                   (boots unavailable)
Stlth   ++........              (no amulet)
HPRegen 0.16/turn               (no ring)
MPRegen 0.00/turn               (no ring)

@: flying, very slightly contaminated
A: sickness immunity, fire resistance 2, cold vulnerability 1, float, innate
caster, hp casting, extra vitality 1
a: no special abilities


You were on level 3 of the Dungeon.
You visited 1 branch of the dungeon, and saw 3 of its levels.

You collected 106 gold pieces.

Inventory:

Missiles
 m - 5 boomerangs
Armour
 a - a +0 robe
 c - a +0 kite shield
 e - a +2 animal skin (worn)
 i - a +0 helmet (worn)
 o - an orb of energy
Scrolls
 g - a scroll of immolation {unknown}
 h - 2 scrolls of vulnerability {unknown}
 l - a scroll of teleportation {unknown}
 n - a scroll of fog {unknown}
Potions
 b - 4 potions of curing
 d - 2 potions of mutation {unknown}
 f - a potion of degeneration {unknown}
 j - a potion of brilliance {unknown}
 k - a potion of heal wounds {unknown}


   Skills:
 * Level 2.7 Fighting
 + Level 2.8 Dodging
 + Level 2.5 Stealth
 + Level 0.5 Unarmed Combat
 + Level 4.7 Spellcasting


You couldn't memorise any spells.
You knew the following spells:

 Your Spells              Type           Power      Damage    Failure   Level
a - Shock                 Conj/Air       88%        1d8       1%          1
b - Static Discharge      Conj/Air       22%        N/A       2%          2
c - Swiftness             Air            22%        N/A       5%          3
d - Airstrike             Air            11%        N/A       19%         4
e - Pain                  Necr           88%        1d8       1%          1
f - Ensorcelled Hibernat  Hex/Ice        44%        N/A       2%          2
g - Wereblood             Tmut           22%        N/A       2%          2
Your spell library was empty.

Dungeon Overview and Level Annotations

Branches:
Dungeon (3/15)

Altars:
Elyvilon
Nemelex Xobeh
Sif Muna

Annotations:
D:3 Grinder, Ijyb


Innate Abilities, Weirdness & Mutations

You are immune to sickness and miasma.
You are immune to poison.
Your flesh is very heat resistant. (rF++)
You are vulnerable to cold. (rC-)
You float through the air rather than walking.
You learn spells naturally, not from books.
Your magical power is your life essence.
You have superior vitality. (+4 MHP)


Message History

Found an escape hatch in the floor.
b - 5 potions of curing (gained 1)
A worm comes into view.
Found a glowing orb and a whip.
Casting: Shock (safe; 1% risk of failure)
Confirm with . or Enter, or press ? or * to list all spells.
The spell is quite dangerous to miscast (19% risk of failure)!
Continue anyway?
Aiming: Airstrike (quite dangerous; 19% risk of failure)
Press: ? - help, Dir - move target, f - worm
Aim: a worm (empty space bonus: 5/8)
You miscast Airstrike.
You are very lightly contaminated with residual magic.
You are blasted with air.
Casting: Airstrike (quite dangerous; 19% risk of failure)
Confirm with . or Enter, or press ? or * to list all spells.
The spell is quite dangerous to miscast (19% risk of failure)!
Continue anyway?
Aiming: Airstrike (quite dangerous; 19% risk of failure)
Press: ? - help, Dir - move target, f/p - worm
Aim: a worm (empty space bonus: 5/8)
The air twists around and strikes the worm!
The worm is severely wounded.
Casting: Airstrike (quite dangerous; 19% risk of failure)
Confirm with . or Enter, or press ? or * to list all spells.
The spell is quite dangerous to miscast (19% risk of failure)!
Continue anyway?
Aiming: Airstrike (quite dangerous; 19% risk of failure)
Press: ? - help, Dir - move target, f/p - worm
Aim: a worm (severely wounded, empty space bonus: 5/8)
The air twists around and strikes the worm!
You kill the worm!
Ijyb the Twisted Goblin comes into view.
She is wielding a +0 dagger, wearing a +2 leather armour of positive energy and carrying a wand of acid (4).
Ijyb shouts!
A dart slug comes into view.
You see here an orb of energy.
o - an orb of energy Ijyb zaps a wand.
The bolt of acid hits you!
Okay, then.
You feel better.
Ijyb zaps a wand.
The bolt of acid hits you!!!
Ouch! That really hurt!
You die...

###### # ## # ..
. .# # # .#
###.######.#
....w......#
#g)...@.#
#######.# #.# #.#
#.# #.# #.# #.# #
#.###############


You could see Ijyb and a dart slug.

Vanquished Creatures
  Sigmund (D:3)
  An ogre (D:3)
  Jessica (D:2)
  Robin (D:2)
  5 adders
  A gnoll (D:1)
  4 dart slugs
  A worm (D:3)
  An orc (D:3)
  5 bats
  5 endoplasms
  2 giant cockroaches
  14 goblins
  5 hobgoblins
  2 jackals (D:3)
  5 kobolds
  4 ball pythons
  A frilled lizard (D:2)
  4 rats
63 creatures vanquished.

Notes
Turn   | Place    | Note
-------+----------+-------------------------------------------
     0 | D:1      | Shayle the Djinni Air Elementalist began the quest for the
                  | Orb.
     0 | D:1      | Reached XP level 1. HP: 15/15 MP: 0/0
   397 | D:1      | Reached XP level 2. HP: 18/22 MP: 0/0
   711 | D:1      | Found a faded altar of an unknown god.
   907 | D:1      | Reached skill level 3 in Spellcasting
   907 | D:1      | Reached XP level 3. HP: 17/26 MP: 0/0
   907 | D:1      | Learned a level 1 spell: Pain
  1274 | D:2      | Reached skill level 1 in Fighting
  1531 | D:2      | Noticed Jessica
  1535 | D:2      | Killed Jessica
  1536 | D:2      | Reached XP level 4. HP: 7/32 MP: 0/0
  2113 | D:2      | Noticed Robin
  2123 | D:2      | Reached XP level 5. HP: 21/37 MP: 0/0
  2123 | D:2      | Learned a level 2 spell: Ensorcelled Hibernation
  2483 | D:2      | Killed Robin
  3303 | D:3      | Noticed an ogre
  3307 | D:3      | Killed an ogre
  3308 | D:3      | Reached skill level 4 in Spellcasting
  3308 | D:3      | Reached XP level 6. HP: 25/43 MP: 0/0
  3694 | D:3      | Noticed Grinder
  3896 | D:3      | Noticed Sigmund
  3902 | D:3      | Killed Sigmund
  3903 | D:3      | Reached XP level 7. HP: 7/49 MP: 0/0
  3903 | D:3      | Learned a level 2 spell: Wereblood
  4205 | D:3      | Found a sparkling altar of Nemelex Xobeh.
  4205 | D:3      | Found a white marble altar of Elyvilon.
  4356 | D:3      | Noticed Ijyb
  4360 | D:3      | Killed from afar by Ijyb

Illustrated notes

Levels and vault maps discovered:
D:1:      heliophobic_arrival_ceremonial_halls, layout_rooms,
          hellmonk_ecumenical_altar_run_dry, minmay_misc_feat_x,
          minmay_misc_feat_plants, minmay_pentomino_z4
D:2:      layout_basic, uniq_robin, uniq_jessica
D:3:      layout_loops_ring, gammafunk_temple_overflow_claw, uniq_grinder,
          uniq_sigmund, uniq_ijyb

Skill      XL: |  1  2  3  4  5 |
---------------+----------------+-----
Spellcasting   | 3 4 |  4.7
Fighting       | 1 2 |  2.7
Stealth        | 2 |  2.5
Dodging        | |  2.8
Unarmed Combat | |  0.5

Action                   |  1- 3 |  4- 6 |  7- 9 || total
-------------------------+-------+-------+-------++-------
Melee: Unarmed           |    12 |     9 |       ||    21
 Cast: Shock             |    44 |    49 |     4 ||    97
       Static Discharge  |     3 |    10 |       ||    13
       Airstrike         |       |    10 |     2 ||    12
  Use: Scroll            |       |     1 |       ||     1
       Potion            |       |       |     1 ||     1
 Stab: Sleeping          |     1 |       |       ||     1
Armor: Robe              |     1 |     2 |       ||     3
       Animal skin       |       |     7 |       ||     7
Dodge: Dodged            |     7 |    18 |       ||    25

Table legend: (Time is in decaauts)
 A = Elapsed time spent in this place.
 B = Non-inter-level travel time spent in this place.
 C = Inter-level travel time spent in this place.
 D = Time resting spent in this place.
 E = Time spent auto-exploring this place.
 F = Levels seen in this place.
 G = Mean time per level.
                   A        B        C        D        E       F      G
               +--------+--------+--------+--------+--------+-----+--------+
         Total |   4360 |   4307 |     53 |   1164 |   2730 |   3 | 1453.3 |
       Dungeon |   4360 |   4307 |     53 |   1164 |   2730 |   3 | 1453.3 |
               +--------+--------+--------+--------+--------+-----+--------+

Top non-repeatable levels by time:
     D:2: 1865 daAuts
     D:1: 1258 daAuts
     D:3: 1237 daAuts
